 Dungeon Crawl Stone Soup version 0.30-a0-777-ga9a30cbeda (webtiles) character file.

Game seed: 5554649212496755033

125 jimonade the Stinger (level 5, -4/45 HPs)
             Began as an Ogre Venom Mage on Feb 13, 2023.
             Slain by an orc
             ... wielding a +0 flail
              (6 damage)
             ... on level 3 of the Dungeon.
             The game lasted 00:08:04 (3311 turns).

jimonade the Stinger (Ogre Venom Mage)              Turns: 3311, Time: 00:08:05

Health: -4/45      AC:  3    Str: 14    XL:     5   Next: 9%
Magic:  8/10       EV: 10    Int: 16    God:
Gold:   163        SH:  0    Dex:  9    Spells: 8/11 levels left

rFire   . . .      SeeInvis .    a - +0 lajatang (speed)
rCold   . . .      Faith    .    (shield currently unavailable)
rNeg    . . .      Spirit   .    p - +0 robe
rPois   .          Reflect  .    (helmet restricted)
rElec   .          Harm     .    (no cloak)
rCorr   .          Rampage  .    (gloves unavailable)
Will    .....                    (boots unavailable)
Stlth   +                        (no amulet)
HPRegen 0.27/turn                (no ring)
MPRegen 0.12/turn                (no ring)

@: no status effects
A: large, unfitting armour, tough skin 1
a: no special abilities


You were on level 3 of the Dungeon.
You visited 1 branch of the dungeon, and saw 3 of its levels.

You collected 163 gold pieces.

Inventory:

Hand Weapons
 a - a +0 lajatang of speed (weapon)
 g - a +0 mace
 j - a +0 whip
 m - the +0 dagger of Symmetry {drain, rPois Dex+4}
   (You found it on level 2 of the Dungeon)

   Dex:       It affects your dexterity (+4).
   rPois:     It protects you from poison.
Missiles
 c - 54 stones
Armour
 p - a +0 robe (worn)
Scrolls
 h - a scroll of fog {unknown}
 l - 2 scrolls of identify {unknown}
 o - a scroll of teleportation {unknown}
 q - a scroll of enchant weapon {unknown}
 r - 3 scrolls of immolation {unknown}
 s - a scroll of brand weapon {unknown}
Potions
 b - a potion of magic
 d - 2 potions of lignification {unknown}
 e - 3 potions of flight {unknown}
 f - a potion of heal wounds {unknown}
 i - a potion of curing {unknown}
 k - 2 potions of brilliance {unknown}
 n - 2 potions of attraction {unknown}


   Skills:
 + Level 0.1 Fighting
 + Level 0.1(0.3) Maces & Flails
 + Level 0.4 Staves
 + Level 2.0 Dodging
 - Level 1.4 Stealth
 - Level 0.3 Unarmed Combat
 + Level 3.7 Spellcasting
 - Level 1.8 Transmutations
 * Level 3.8 Poison Magic


You had 8 spell levels left.
You knew the following spells:

 Your Spells              Type           Power      Damage    Failure   Level
a - Sting                 Tmut/Pois      48%        1d5       5%          1
b - Poisonous Vapours     Pois/Air       18%        N/A       12%         2

Your spell library contained the following spells:

 Spells                   Type           Power      Damage    Failure   Level
 Beastly Appendage        Tmut           16%        N/A       9%          1
 Wereblood                Tmut           8%         N/A       12%         2
 Spider Form              Tmut/Pois      12%        N/A       16%         3
 Freeze                   Ice            12%        1d3       17%         1
 Necrotise                Necr           12%        1d4       17%         1
 Mephitic Cloud           Conj/Pois/Air  7%         N/A       30%         3
 Olgreb's Toxic Radiance  Pois           15%        N/A       34%         4
 Frozen Ramparts          Ice            6%         1d1       45%         3
 Hailstorm                Conj/Ice       3%         3d3       45%         3
 Ozocubu's Armour         Ice            3%         N/A       45%         3
 Vampiric Draining        Necr           3%         2d6       45%         3
 Agony                    Necr           3%         N/A       99%         5
 Summon Forest            Summ/Tloc      1%         N/A       99%         5
 Eringya's Noxious Bog    Tmut/Pois      6%         N/A       100%        6
 Ozocubu's Refrigeration  Ice            1%         4d7       100%        7
 Summon Hydra             Summ           1%         N/A       100%        7


Dungeon Overview and Level Annotations

Branches:
Dungeon (3/15)

Altars:

Shops:
D:3 !


Innate Abilities, Weirdness & Mutations

You are too large for most types of armour.
You have tough skin. (AC +1)


Message History

The sting hits the orc.
The orc is poisoned.
The orc is almost dead.
The orc hits you with a +0 morningstar!
You closely miss the orc.
The orc is almost dead.
The orc hits you with a +0 morningstar!
You closely miss the orc.
The orc is almost dead.
The orc hits you with a +0 morningstar.
Aiming: Sting (safe; 5% risk of failure)
Press: ? - help, Q - select action, (/) - cycle Shift-Dir - straight line, f/p - orc
Aim: an orc, wielding a +0 morningstar (almost dead, poisoned, 71% to hit)
Okay, then.
You barely miss the orc.
The orc is almost dead.
You kill the orc!
You closely miss the orc. The orc hits you with a +0 flail!
* * * LOW HITPOINT WARNING * * *
You barely miss the orc. The orc hits you with a +0 flail.
* * * LOW HITPOINT WARNING * * *
Aiming: Sting (safe; 5% risk of failure)
Press: ? - help, Q - select action, (/) - cycle Shift-Dir - straight line, f - orc
Aim: an orc, wielding a +0 flail (71% to hit)
The sting hits the orc.
The orc is poisoned.
The orc is moderately wounded.
The orc hits you with a +0 flail!
* * * LOW HITPOINT WARNING * * *
You barely miss the orc.
The orc is heavily wounded.
The orc barely misses you.
You hit the orc.
The orc is heavily wounded.
The orc closely misses you.
You barely miss the orc.
The orc is heavily wounded.
The orc barely misses you.
You closely miss the orc.
The orc is severely wounded.
The orc hits you with a +0 flail.
You die...

#
#....##..............#....#
#............#.......
#............###....# ...
#............# #....# ...
#.......##...# ###### ..o.
#...##..##...# #### .....
######.÷..#### #... .....##
#...∩)..## #... .....o.
#)@o.##).#######...
....o..####).###.##........
.........##).....##.####...
.................##.# #...
.................##.# #...
..#####..........##.# #...
# ..........)...##.# #...
####..........##.# #...
#..........##.# #...


You could see an orc (poisoned).

Vanquished Creatures
  An orc priest (D:3)
  2 adders (D:2)
  A worm (D:2)
  3 dart slugs
  10 orcs
  4 ball pythons
  4 bats
  4 endoplasms
  3 giant cockroaches
  3 goblins
  6 hobgoblins
  4 jackals (D:2)
  3 kobolds (D:1)
  2 quokkas
  2 frilled lizards
  2 rats (D:2)
54 creatures vanquished.

Notes
Turn   | Place    | Note
-------+----------+-------------------------------------------
     0 | D:1      | jimonade the Ogre Venom Mage began the quest for the Orb.
     0 | D:1      | Reached XP level 1. HP: 16/16 MP: 3/3
   586 | D:1      | Reached XP level 2. HP: 24/24 MP: 2/5
  1332 | D:2      | Identified the +0 dagger of Symmetry {drain, rPois Dex+4}
  1407 | D:2      | Reached XP level 3. HP: 31/31 MP: 3/7
  1732 | D:2      | Reached skill level 1 in Transmutations
  2429 | D:2      | Reached XP level 4. HP: 35/39 MP: 1/9
  2553 | D:2      | Learned a level 2 spell: Poisonous Vapours
  3017 | D:3      | Found Johagu's Distillery.
  3106 | D:3      | Reached XP level 5. HP: 30/45 MP: 6/10
  3307 | D:3      | HP: 1/45 [orc/+0 flail (7)]
  3311 | D:3      | Slain by an orc

Illustrated notes

Levels and vault maps discovered:
D:1:      evilmike_arrival_hilbert_curve, layout_basic
D:2:      layout_basic, kennysheep_crisscross, st_stairs_8,
          chequers_serial_rivers_room_b
D:3:      layout_basic, serial_shops, nicolae_square_shop, uniq_robin

Skill      XL: |  1  2  3  4 |
---------------+-------------+-----
Poison Magic   | 3 |  3.8
Spellcasting   | 3 |  3.7
Transmutations | 1 |  1.8
Dodging        | 2 |  2.0
Fighting       | |  0.1
Maces & Flails | |  0.1
Staves         | |  0.4
Stealth        | |  1.4
Unarmed Combat | |  0.3

Action                     |  1- 3 |  4- 6 || total
---------------------------+-------+-------++-------
  Melee: Mace              |    14 |       ||    14
         Unarmed           |     6 |       ||     6
         Whip              |    15 |     1 ||    16
         Lajatang          |       |    24 ||    24
   Cast: Sting             |    82 |    31 ||   113
 Armour: Robe              |    37 |     3 ||    40
  Dodge: Dodged            |    39 |    10 ||    49

Table legend: (Time is in decaauts)
 A = Elapsed time spent in this place.
 B = Non-inter-level travel time spent in this place.
 C = Inter-level travel time spent in this place.
 D = Time resting spent in this place.
 E = Time spent auto-exploring this place.
 F = Levels seen in this place.
 G = Mean time per level.
                   A        B        C        D        E       F      G
               +--------+--------+--------+--------+--------+-----+--------+
         Total |   3315 |   3285 |     30 |    195 |   2566 |   3 | 1105.0 |
       Dungeon |   3315 |   3285 |     30 |    195 |   2566 |   3 | 1105.0 |
               +--------+--------+--------+--------+--------+-----+--------+

Top non-repeatable levels by time:
     D:2: 1357 daAuts
     D:1: 1293 daAuts
     D:3: 665 daAuts
